 Dungeon Crawl Stone Soup version 0.30-a0-723-gc1506a1cf0 (webtiles) character file.

Game seed: 5534572810019581993

37 PriceMaster the Conjurer (level 3, 0/21 HPs)
             Began as an Octopode Conjurer on Jan 28, 2023.
             Slain by a worm (8 damage)
             ... on level 2 of the Dungeon.
             The game lasted 00:03:19 (1430 turns).

PriceMaster the Conjurer (Octopode Conjurer)        Turns: 1430, Time: 00:03:20

Health: 0/21       AC:  1    Str:  6    XL:     3   Next: 41%
Magic:  6/6        EV: 13    Int: 22    God:
Gold:   65         SH:  0    Dex: 10    Spells: 5/6 levels left

rFire   . . .      SeeInvis .    g - +0 dagger
rCold   . . .      Faith    .    (no shield)
rNeg    . . .      Spirit   .    (helmet restricted)
rPois   .          Reflect  .    (no amulet)
rElec   .          Harm     .    (no ring)
rCorr   .          Rampage  .    (no ring)
Will    .....                    (no ring)
Stlth   +++                      (no ring)
HPRegen 0.23/turn                (no ring)
MPRegen 0.10/turn                (no ring)
                                 (no ring)
                                 (no ring)

@: no status effects
A: almost no armour, amphibious, 8 rings, camouflage 1, gelatinous body 1,
(nimble swimmer 1), tentacles
a: no special abilities


You were on level 2 of the Dungeon.
You visited 1 branch of the dungeon, and saw 2 of its levels.

You collected 65 gold pieces.

Inventory:

Hand Weapons
 a - a +0 dagger
 g - a +0 dagger (weapon)
Scrolls
 d - a scroll of fear {unknown}
 e - 2 scrolls of enchant weapon {unknown}
Potions
 f - a potion of mutation {unknown}


   Skills:
 + Level 2.1 Dodging
 + Level 2.8 Stealth
 + Level 2.1 Spellcasting
 + Level 4.9 Conjurations


You had 5 spell levels left.
You knew the following spells:

 Your Spells              Type           Power      Damage    Failure   Level
a - Magic Dart            Conj           96%        1d7       1%          1

Your spell library contained the following spells:

 Spells                   Type           Power      Damage    Failure   Level
 Searing Ray              Conj           48%        2d6       2%          2
 Dazzling Flash           Conj/Hex       26%        N/A       14%         3
 Fulminant Prism          Conj/Hex       6%         3d6       43%         4
 Iskenderun's Mystic Bla  Conj/Tloc      13%        2d5       43%         4


Dungeon Overview and Level Annotations

Branches:
Dungeon (2/15)

Altars:

Annotations:
D:2 Robin


Innate Abilities, Weirdness & Mutations

You cannot wear most types of armour.
You are amphibious.
You can wear up to eight rings at the same time.
Your skin changes colour to match your surroundings (Stealth+).
Your rubbery body absorbs attacks. (AC +1, EV +1)
((You are camouflaged when in or above water. (Stealth+)))
You have tentacles for arms and can constrict up to eight enemies at once.


Message History

The goblin attacks as you move away! The goblin closely misses you.
There is an open door, spattered with blood here.
Things that are here:
a +0 dagger; a +0 dagger; a goblin corpse You miss the kobold.
You grab the kobold. You squeeze the kobold.
You kill the kobold!
You hit the goblin. You grab the goblin. You squeeze the goblin.
You kill the goblin!
You hit the goblin.
You kill the goblin!
You start resting.
HP restored.
Items here: ))) †.
There is an open door, spattered with blood here.
Things that are here:
a +0 dagger; a +0 dagger; a goblin corpse
There is a stone staircase leading down here.
You climb downwards.
Level annotation: Robin The worm bites you.
The goblin hits you with a +0 dagger. Robin barely misses you.
A goblin comes into view. It is wielding a +0 dagger.
There is a stone staircase leading up, spattered with blood here.
You barely miss Robin. Your grab misses Robin.
Robin roars a battlecry!
The goblins go into a battle-frenzy!
The goblin hits you with a +0 dagger. The worm barely misses you.
You hit Robin. You grab Robin.
Robin is moderately wounded.
You constrict Robin, but do no damage. Robin hits you with a +0 falchion.
The goblin barely misses you.
You hit Robin but do no damage.
Robin is moderately wounded.
You constrict Robin. The worm barely misses you. Robin misses you.
The goblin misses you.
You hit Robin but do no damage. You squeeze Robin, but do no damage.
Robin is moderately wounded.
You constrict Robin. Robin closely misses you.
The goblin hits you but does no damage. The worm bites you!
You die...

########
......#
##.....##
#.......####
#....g..÷...
#..w@#
#..gg#
#.....
#.#.g#.
#...)...
.....$ .. .
....) .##
#..#####. #


You could see a worm, Robin and 3 goblins.

Vanquished Creatures
  4 bats (D:1)
  3 endoplasms (D:1)
  2 giant cockroaches
  14 goblins
  A hobgoblin (D:1)
  A quokka (D:1)
  A frilled lizard (D:1)
  3 kobolds (D:1)
  2 rats
31 creatures vanquished.

Notes
Turn   | Place    | Note
-------+----------+-------------------------------------------
     0 | D:1      | PriceMaster the Octopode Conjurer began the quest for the
                  | Orb.
     0 | D:1      | Reached XP level 1. HP: 11/11 MP: 3/3
   150 | D:1      | Reached XP level 2. HP: 5/17 MP: 0/5
  1017 | D:1      | Reached XP level 3. HP: 21/21 MP: 3/6
  1168 | D:2      | Noticed Robin
  1430 | D:2      | Slain by a worm

Illustrated notes

Levels and vault maps discovered:
D:1:      dpeg_arrival_rooms_a, layout_basic
D:2:      layout_basic, uniq_robin

Action                     || total
---------------------------++-------
  Melee: Unarmed           ||    18
         Tentacles         ||     8
         Constrict         ||     7
         Dagger            ||    12
   Cast: Magic Dart        ||    37
    Use: Potion            ||     2
         Scroll            ||     1
 Armour: Skin              ||     6
  Dodge: Dodged            ||    40

Table legend: (Time is in decaauts)
 A = Elapsed time spent in this place.
 B = Non-inter-level travel time spent in this place.
 C = Inter-level travel time spent in this place.
 D = Time resting spent in this place.
 E = Time spent auto-exploring this place.
 F = Levels seen in this place.
 G = Mean time per level.
                   A        B        C        D        E       F      G
               +--------+--------+--------+--------+--------+-----+--------+
         Total |   1431 |   1402 |     29 |    346 |    899 |   2 |  715.5 |
       Dungeon |   1431 |   1402 |     29 |    346 |    899 |   2 |  715.5 |
               +--------+--------+--------+--------+--------+-----+--------+

Top non-repeatable levels by time:
     D:1: 1408 daAuts
     D:2: 23 daAuts
